 Dungeon Crawl Stone Soup version 0.24-a0-335-g06ca16a (webtiles) character file.

Game seed: 12736356048902474263

14233 theanonym the Fighter (level 12, -4/89 HPs)
             Began as an Octopode Venom Mage on May 19, 2019.
             Was an Elder of Vehumet.
             Slain by an orc knight
             ... wielding a +0 great mace
              (8 damage)
             ... on level 13 of the Dungeon.
             The game lasted 00:41:45 (14716 turns).

theanonym the Fighter (Octopode Venom Mage)        Turns: 14716, Time: 00:41:45

Health: -4/89      AC:  3    Str:  8    XL:     12   Next: 14%
Magic:  17/24      EV: 17    Int: 32    God:    Vehumet [****..]
Gold:   513        SH:  0    Dex: 12    Spells: 18/28 levels left

rFire    . . .     SeeInvis .   a - +4 war axe of Circular Logic {flame, rPois rC- Int+5}
rCold    x . .     Gourm    .   (no shield)
rNeg     . . .     Faith    .   g - +2 hat
rPois    +         Spirit   .   (no amulet)
rElec    .         Reflect  .   (no ring)
rCorr    .         Harm     .   (no ring)
MR       .....                  (no ring)
Stlth    ++++......             (no ring)
HPRegen  0.24/turn              (no ring)
MPRegen  0.19/turn              (no ring)
                                (no ring)
                                (no ring)

@: brilliant, radiating poison
A: almost no armour, stealthy swim, amphibious, 8 rings, constrict 8, camouflage
1, gelatinous body 1
a: Renounce Religion


Innate Abilities, Weirdness & Mutations

You cannot wear most types of armour.
You are very stealthy in the water. (Stealth+)
You are amphibious.
You can wear up to eight rings at the same time.
You can use your tentacles to constrict eight enemies at once.
Your skin changes colour to match your surroundings (Stealth+).
Your rubbery body absorbs attacks. (AC +1, EV +1)


   Skills:
 + Level 10.7 Fighting
 - Level 8.5 Dodging
 - Level 5.0 Stealth
 + Level 8.9 Spellcasting
 - Level 5.0 Conjurations
 - Level 3.0 Air Magic
 - Level 10.0 Poison Magic


You had 18 spell levels left.
You knew the following spells:

 Your Spells              Type           Power        Failure   Level  Hunger
a - Sting                 Conj/Pois      ####         1%          1    None
b - Poisonous Vapours     Pois/Air       ######       1%          2    None
d - Mephitic Cloud        Conj/Pois/Air  ######..     1%          3    None
p - Olgreb's Toxic Radia  Pois           #######.     1%          4    None

Your spell library contained the following spells:

 Spells                   Type           Power        Failure   Level  Hunger
 Bolt of Draining         Conj/Necr      #####.....   4%          5    ###....
 Beastly Appendage        Tmut           ####..       1%          1    None
 Sticks to Snakes         Tmut           ####....     1%          2    None
 Spider Form              Tmut/Pois      ######....   1%          3    None
 Venom Bolt               Conj/Pois      ######....   1%          5    ###....
 Ice Form                 Ice/Tmut       ####....     4%          4    None
 Blade Hands              Tmut           ####......   11%         5    ###....

Skill      XL: |  1  2  3  4  5  6  7  8  9 10 11 |
---------------+----------------------------------+-----
Poison Magic   | 4 5 6 7 8 10 | 10.0
Conjurations   | 2 3 5 |  5.0
Air Magic      | 1 2 3 |  3.0
Spellcasting   | 3 4 5 7 8 |  8.9
Dodging        | 3 4 6 7 8 |  8.5
Fighting       | 3 5 8 10 | 10.7
Stealth        | 3 5 |  5.0

Action                   |  1- 3 |  4- 6 |  7- 9 | 10-12 || total
-------------------------+-------+-------+-------+-------++-------
Melee: Unarmed           |    68 |    63 |       |       ||   131
       Constrict         |    14 |    28 |    27 |    28 ||    97
       Tentacles         |     7 |    23 |    18 |    21 ||    69
       Flail             |       |    65 |     7 |       ||    72
       War axe           |       |       |   151 |   134 ||   285
 Fire: Hunting sling     |       |       |       |    27 ||    27
Throw: Throwing net      |       |       |     1 |     6 ||     7
 Cast: Sting             |    27 |     6 |     7 |    10 ||    50
       Poisonous Vapours |     2 |    32 |    59 |    90 ||   183
       Mephitic Cloud    |       |     1 |     9 |    12 ||    22
       Olgreb's Toxic Ra |       |       |    20 |    48 ||    68
Evoke: Wand              |       |       |       |    13 ||    13
  Use: Scroll            |       |     6 |    13 |     5 ||    24
       Potion            |       |       |     2 |    15 ||    17
 Stab: Sleeping          |     5 |     6 |     6 |     5 ||    22
       Distracted        |       |       |     1 |       ||     1
       Confused          |       |       |     1 |       ||     1
       Held in net/web   |       |       |       |     3 ||     3
  Eat: Chunk             |     1 |    10 |    15 |     6 ||    32
       Ration            |       |       |     2 |     4 ||     6
Armor: Skin              |     5 |    27 |    16 |    12 ||    60
Dodge: Dodged            |    40 |    94 |   126 |   195 ||   455

Inventory:

Hand Weapons
 a - the +4 war axe of Circular Logic (weapon) {flame, rPois rC- Int+5}

   It has been specially enchanted to burn those struck by it, causing extra
   injury to most foes and up to half again as much damage against particularly
   susceptible opponents.
   Big, fiery blades are also staple armaments of hydra-hunters.
   It affects your intelligence (+5).
   It makes you vulnerable to cold.
   It protects you from poison.
 b - the +6 hunting sling of the Throat {freeze, rC++ Str-3 SInv}

   It causes projectiles fired from it to freeze those they strike, causing
   extra injury to most foes and up to half again as much damage against
   particularly susceptible opponents.
   They can also slow down cold-blooded creatures.
   It affects your strength (-3).
   It greatly protects you from cold.
   It lets you see invisible.
 m - a +0 dagger of distortion
Missiles
 s - 4 throwing nets (quivered)
 x - 49 sling bullets
Armour
 g - a +2 hat (worn)
 C - a +0 shield
Wands
 d - a wand of digging (7)
 v - a wand of acid (3)
 z - a wand of polymorph (11)
 B - a wand of enslavement (5)
Scrolls
 k - 2 scrolls of enchant armour
 n - 5 scrolls of remove curse
Potions
 l - 5 potions of flight
 p - a potion of resistance
 u - a potion of might {unknown}
 w - 5 potions of curing
 A - a potion of ambrosia
Comestibles
 e - 10 rations


You were on level 13 of the Dungeon.
You worshipped Vehumet.
Vehumet was greatly pleased with you.
You were not hungry.

You visited 1 branch of the dungeon, and saw 13 of its levels.

You collected 533 gold pieces.
You spent 20 gold pieces at shops.

Dungeon Overview and Level Annotations

Branches:
Dungeon (14/15) Temple (0/1) D:7 Orc (0/2) D:10 Vaults (0/5) D:13 D:14 Lair: D:8-11

Altars:
Ashenzari
Dithmenos
Elyvilon
Gozag
Hepliaklqana
Makhleb
Okawaru
Qazlal
Ru
Vehumet
Wu Jian
The Shining One

Shops:
D:4 (   D:8 *   D:9 *

Annotations:
D:4 exclusion: statue
D:6 exclusion: ice beast
D:13 Nessos
D:14 exclusion: 2 doors

#....##........
#....#.........
#..............
...............
...............
...............
.....)pop....?.
.....pp@pp.....
.....cpYO......
...c.(Hp.......
...............
...............
.?.............
...............
...............


You could see Nessos, an orc knight, a centaur warrior, a two-headed ogre, a
manticore, 8 humans and a sky beast.

Notes
Turn   | Place    | Note
-------+----------+-------------------------------------------
     0 | D:1      | theanonym the Octopode Venom Mage began the quest for the
                  | Orb.
     0 | D:1      | Reached XP level 1. HP: 11/11 MP: 3/3
   229 | D:1      | Reached XP level 2. HP: 16/17 MP: 5/5
   243 | D:1      | Reached skill level 4 in Poison Magic
   323 | D:1      | HP: 8/17 [ooze (4)]
   505 | D:1      | Reached skill level 2 in Conjurations
   525 | D:1      | Reached XP level 3. HP: 21/21 MP: 2/6
   711 | D:1      | Learned a level 2 spell: Poisonous Vapours
   715 | D:1      | Learned a level 3 spell: Mephitic Cloud
  1348 | D:2      | Noticed Terence
  1364 | D:2      | Killed Terence
  1364 | D:2      | Reached skill level 1 in Air Magic
  1364 | D:2      | Reached XP level 4. HP: 17/27 MP: 1/7
  1703 | D:2      | HP: 13/27 [bat (1)]
  2275 | D:3      | Reached skill level 2 in Air Magic
  2275 | D:3      | Reached XP level 5. HP: 31/31 MP: 1/8
  2438 | D:3      | HP: 15/31 [ooze (2)]
  2608 | D:3      | Found a shattered altar of Ashenzari.
  2644 | D:3      | Reached skill level 5 in Poison Magic
  2889 | D:3      | Reached skill level 3 in Conjurations
  3088 | D:3      | Reached XP level 6. HP: 25/36 MP: 0/10
  3094 | D:3      | Learned a level 4 spell: Olgreb's Toxic Radiance
  3332 | D:3      | Found a white marble altar of Elyvilon.
  3332 | D:3      | Found a stormy altar of Qazlal.
  3333 | D:3      | Found a sacrificial altar of Ru.
  3370 | D:3      | Reached skill level 3 in Air Magic
  3447 | D:3      | Reached skill level 3 in Spellcasting
  3786 | D:4      | Reached skill level 6 in Poison Magic
  3990 | D:4      | Reached XP level 7. HP: 36/41 MP: 3/11
  3994 | D:4      | Reached skill level 7 in Poison Magic
  4160 | D:4      | Got a slimy war axe
  4161 | D:4      | Identified the +4 war axe of Circular Logic {flame, rPois
                  | rC- Int+5} (You found it on level 4 of the Dungeon)
  4183 | D:4      | Found a radiant altar of Vehumet.
  4194 | D:4      | Became a worshipper of Vehumet
  4390 | D:4      | HP: 19/41 [centaur zombie (7)]
  4634 | D:4      | Reached skill level 3 in Dodging
  4766 | D:4      | Found Cenoem's Weapon Shoppe.
  5015 | D:5      | Entered Level 5 of the Dungeon
  5211 | D:5      | Reached XP level 8. HP: 34/47 MP: 2/13
  5315 | D:5      | Found a shadowy altar of Dithmenos.
  5407 | D:5      | Reached skill level 1 in Fighting
  5409 | D:5      | Reached skill level 4 in Spellcasting
  5415 | D:5      | Reached skill level 8 in Poison Magic
  5461 | D:5      | Found an opulent altar of Gozag.
  5755 | D:5      | Reached skill level 2 in Fighting
  5977 | D:5      | Reached * piety under Vehumet
  5977 | D:5      | Offered knowledge of Freeze by Vehumet.
  5977 | D:5      | Reached skill level 4 in Dodging
  6075 | D:5      | Found a glowing golden altar of the Shining One.
  6644 | D:6      | Found a burning altar of Makhleb.
  6653 | D:6      | Reached skill level 3 in Fighting
  6977 | D:6      | Found an iron altar of Okawaru.
  7320 | D:6      | Found a hazy altar of Hepliaklqana.
  7489 | D:6      | Found an ornate altar of the Wu Jian Council.
  7962 | D:7      | Reached XP level 9. HP: 57/57 MP: 16/16
  7988 | D:7      | Got a warped hunting sling
  7989 | D:7      | Identified the +6 hunting sling of the Throat {freeze, rC++
                  | Str-3 SInv} (You found it on level 7 of the Dungeon)
  8001 | D:7      | You fall through a shaft for 2 floors!
  8032 | D:9      | Reached skill level 9 in Poison Magic
  8146 | D:9      | Found an ornate altar of the Wu Jian Council.
  8166 | D:9      | Reached skill level 5 in Dodging
  8294 | D:9      | Reached skill level 5 in Spellcasting
  8410 | D:9      | Reached skill level 4 in Fighting
  8584 | D:9      | Reached ** piety under Vehumet
  8923 | D:9      | Offered knowledge of Magic Dart by Vehumet.
  8925 | D:9      | Reached skill level 4 in Conjurations
  9168 | D:9      | Noticed Prince Ribbit
  9173 | D:9      | Killed Prince Ribbit
  9216 | D:9      | Noticed Maurice
  9404 | D:9      | Found Mosymeu's General Store.
  9412 | D:9      | Bought a scroll of identify for 20 gold pieces
  9572 | D:9      | Killed Maurice
  9572 | D:9      | Reached skill level 5 in Fighting
  9572 | D:9      | Reached skill level 6 in Dodging
  9572 | D:9      | Reached skill level 5 in Conjurations
  9572 | D:9      | Reached skill level 10 in Poison Magic
  9572 | D:9      | Reached XP level 10. HP: 66/66 MP: 1/17
  9698 | D:9      | HP: 28/66 [troll (12)]
 10199 | D:10     | Entered Level 10 of the Dungeon
 10199 | D:10     | Found a staircase to the Orcish Mines.
 10199 | D:10     | Noticed a gargoyle
 10251 | D:8      | Noticed Erica
 10263 | D:8      | Killed Erica
 10263 | D:8      | Reached skill level 6 in Fighting
 10263 | D:8      | Reached skill level 6 in Spellcasting
 10373 | D:8      | Noticed Harold
 10385 | D:8      | Killed Harold
 10385 | D:8      | Reached skill level 7 in Fighting
 10610 | D:7      | Reached skill level 7 in Dodging
 11004 | D:7      | Found a staircase to the Ecumenical Temple.
 11243 | D:8      | Noticed a two-headed ogre
 11254 | D:8      | Killed a two-headed ogre
 11254 | D:8      | Offered knowledge of Static Discharge by Vehumet.
 11255 | D:8      | HP: 36/72 [bullfrog (8)]
 11760 | D:8      | Found Fuegginn's Fabulous Fripperies.
 12053 | D:10     | Reached skill level 3 in Stealth
 12225 | D:10     | Killed a gargoyle
 12225 | D:10     | Reached skill level 8 in Fighting
 12225 | D:10     | Reached skill level 7 in Spellcasting
 12225 | D:10     | Reached XP level 11. HP: 77/77 MP: 21/21
 12426 | D:10     | Reached *** piety under Vehumet
 12720 | D:10     | Noticed Nergalle
 12727 | D:10     | Killed Nergalle
 12727 | D:10     | Reached skill level 4 in Stealth
 12892 | D:10     | You fall through a shaft!
 12892 | D:11     | Noticed a five-headed hydra
 12917 | D:11     | Offered knowledge of Force Lance by Vehumet.
 12918 | D:11     | Reached skill level 5 in Stealth
 12941 | D:11     | HP: 31/78 [shadow (13)]
 12946 | D:11     | HP: 14/78 [shadow (10)]
 13003 | D:11     | HP: 24/78 [centaur/arrow (4)]
 13004 | D:11     | HP: 9/78 [centaur/arrow (4)]
 13016 | D:11     | HP: 30/78 [centaur/arrow (4)]
 13141 | D:11     | Reached skill level 9 in Fighting
 13150 | D:11     | Reached **** piety under Vehumet
 13150 | D:11     | Reached skill level 8 in Spellcasting
 13155 | D:11     | Offered knowledge of Bolt of Draining by Vehumet.
 13280 | D:11     | Noticed Sonja
 13310 | D:11     | Killed Sonja
 13584 | D:11     | Reached skill level 10 in Fighting
 13756 | D:11     | Noticed Josephine
 13773 | D:11     | Killed Josephine
 13806 | D:11     | HP: 41/82 [wraith[Josephine] (12)]
 13810 | D:11     | Reached skill level 8 in Dodging
 13812 | D:11     | HP: 24/82 [wraith[Josephine] (9)]
 13814 | D:11     | HP: 9/82 [wraith[Josephine] (4)]
 14055 | D:11     | HP: 37/82 [five-headed hydra (7)]
 14070 | D:11     | You fall through a shaft for 3 floors!
 14244 | D:14     | HP: 38/82 [vampire (12)]
 14455 | D:14     | Noticed a seven-headed hydra
 14524 | D:13     | Found a gate to the Vaults.
 14524 | D:13     | Noticed a two-headed ogre
 14524 | D:13     | Noticed a brown ugly thing
 14524 | D:13     | Noticed an orc knight
 14524 | D:13     | Noticed a manticore
 14524 | D:13     | Noticed Nessos
 14524 | D:13     | Noticed a centaur warrior
 14529 | D:13     | Reached XP level 12. HP: 61/88 MP: 16/24
 14715 | D:13     | HP: 44/89 [human (2)]
 14715 | D:13     | HP: 13/89 [orc knight/+0 great mace (26)]
 14716 | D:13     | HP: 4/89 [two-headed ogre/+0 giant club (21)]
 14716 | D:13     | Slain by an orc knight

Vanquished Creatures
  Harold (D:8)
  Josephine (D:11)
  Erica (D:8)
  A two-headed ogre (D:8)
  Nergalle (D:10)
  Sonja (D:11)
  An ugly thing (D:14)
  Maurice (D:9)
  A gargoyle (D:10)
  2 kobold demonologists (D:11)
  A komodo dragon (D:11)
  A troll (D:9)
  A hornet (D:11)
  Prince Ribbit (D:9)
  A shadow (D:11)
  A vampire (D:14)
  4 wraiths (D:11)
  5 yaks (D:11)
  7 humans (D:14)
  A water moccasin (D:9)
  A porcupine (D:11)
  2 sky beasts
  A black bear (D:9)
  An ice beast (D:11)
  An orc warrior (D:9)
  A phantom (D:5)
  3 ogres
  2 necrophages
  An eye of draining (D:8)
  7 centaurs
  6 big kobolds
  7 bullfrogs
  3 gnoll sergeants
  5 scorpions
  A wyvern skeleton (D:9)
  7 killer bees
  2 centaur zombies (D:4)
  5 crimson imps
  A bullfrog zombie (D:4)
  8 hounds
  5 jellies
  3 bullfrog skeletons
  8 orc priests
  2 centaur skeletons (D:4)
  Terence (D:2)
  12 orc wizards
  An iguana (D:11)
  5 worker ants
  A killer bee zombie (D:9)
  A hound skeleton (D:6)
  2 howler monkey zombies (D:4)
  17 gnolls
  A howler monkey skeleton (D:9)
  5 adders
  4 shadow imps
  8 oozes
  An adder skeleton (D:4)
  An adder zombie (D:4)
  3 worms
  5 dart slugs
  7 leopard geckos
  24 orcs
  7 bats
  4 giant cockroaches
  7 goblins
  10 hobgoblins
  16 jackals
  2 quokkas
  2 ball pythons
  11 frilled lizards
  A giant cockroach zombie (D:4)
  A jackal zombie (D:4)
  16 kobolds
  A leopard gecko skeleton (D:4)
  A leopard gecko zombie (D:8)
  A quokka zombie (D:10)
  9 rats
305 creatures vanquished.

Vanquished Creatures (collateral kills)
  An ice beast (D:10)
1 creature vanquished.

Vanquished Creatures (others)
  A human (D:13)
  A jackal (D:10)
  4 bushes (D:11)
  5 fungi (D:11)
  19 plants (D:11)
30 creatures vanquished.

Grand Total: 336 creatures vanquished

Table legend:
 A = Turns spent in this place as a percentage of turns spent in the entire game.
 B = Non-inter-level travel turns spent in this place as a percentage of non-inter-level travel turns spent in the entire game.
 C = Inter-level travel turns spent in this place as a percentage of turns spent in this place.
 D = Turns resting spent in this place as a percentage of non-inter-level travel turns spent in this place.
 E = Turns spent auto-exploring this place as a percentage of non-inter-level travel turns spent in this place.
 F = Non-inter-level travel turns spent in this place divided by the number of levels of this place that you've seen.
                   A       B       C       D       E      F
               +-------+-------+-------+-------+-------+----------------------
         Total | 100.0 | 100.0 |   3.1 |  44.6 |  42.0 | 1097.2
       Dungeon | 100.0 | 100.0 |   3.1 |  44.6 |  42.0 | 1097.2
               +-------+-------+-------+-------+-------+----------------------
